Cogmind - Beta 16 @@@ ROGUE MODE // 2025.12.01 @ 18:26:01 Player: Akamichi1342 Result: Destroyed by Y-54 Guardian with Gatling Laser Performance ------------- Evolutions (4) 2000 Regions Visited (5) 1000 Robots Destroyed (54) 270 Value Destroyed (1709) 1709 Prototype IDs (15) 300 Alien Tech Used (0) 0 Bonus (430) 430 TOTAL SCORE: 5709 Bonus ------- Follower Combat Kills 130 Registered with UFD 300 Cogmind --------- Core Integrity 0/850 Matter 294/300 Energy 290/290 System Corruption 9% Temperature Cool (6) Movement Walking (105) Location -6/Extension Parts ------- > --- POWER (1) -------- Reinforced Deuterium Engine > --- PROPULSION (3) --- Improved Carbon-fiber Leg Improved VSS Leg > --- UTILITY (8) ------ 0b10 Decoder Chip [Looter] Improved Actuator Array > --- WEAPON (3) ------- Great Maul Axe Companion Sword > --- INVENTORY (5) ---- Carbon-fiber Leg Armored Leg Kinecellerator Improved Heavy Machine Gun Vortex Trap Peak State ------------ > --- POWER ------------ Reinforced Deuterium Engine > --- PROPULSION ------- Improved Carbon-fiber Leg Flexi-carbon Leg Improved VSS Leg > --- UTILITY ---------- Improved Sensor Array 0b10 Decoder Chip [Looter] Core Analyzer Improved Actuator Array Hardened Heavy Armor Plating Improved Light Armor Plating System Shield > --- WEAPON ----------- Great Maul Axe Companion Sword > --- INVENTORY -------- Carbon-fiber Leg Armored Leg Kinecellerator Improved Heavy Machine Gun Vortex Trap [Rating: 62] Favorites ----------- Power Ion Engine Engine Ion Engine Power Core Micro Nuclear Core Propulsion Light Treads Treads Light Treads Leg Armored Leg Utility Medium Storage Unit Device Heat Sink Storage Medium Storage Unit Processor 0b10 Decoder Chip [Looter] Hackware System Shield Protection Improved Light Armor Plating Weapon Improved Assault Rifle Energy Gun Medium Laser Energy Cannon Particle Cannon Ballistic Gun Improved Assault Rifle Impact Weapon Great Maul Slashing Weapon Companion Sword Build | -11 -10 -10 -9 -6 -6 ------- Run | Yrd Mat Sub Scr Fac Ext Slots Evolved 8 | . . . . 8 . Power . | . . . . . . Propulsion 1 | . . . . 1 . Utility 6 | . . . . 6 . Weapon 1 | . . . . 1 . Parts Attached 55 | 6 11 2 4 26 6 Power 8 | 1 . . . 7 . Engine 3 | 1 . . . 2 . Core 5 | . . . . 5 . Reactor . | . . . . . . Propulsion 17 | 2 3 1 2 8 1 Treads 7 | 2 3 1 1 . . Leg 10 | . . . 1 8 1 Wheel . | . . . . . . Hover . | . . . . . . Flight . | . . . . . . Utility 19 | 1 4 . 1 9 4 Device 4 | . 1 . . 2 1 Storage 3 | 1 2 . . . . Processor 3 | . . . . 3 . Hackware 1 | . . . . . 1 Protection 8 | . 1 . 1 4 2 Artifact . | . . . . . . Weapon 11 | 2 4 1 1 2 1 Energy Gun 2 | 1 1 . . . . Energy Cannon 2 | . 2 . . . . Ballistic Gun 4 | 1 1 1 . 1 . Ballistic Cannon . | . . . . . . Launcher . | . . . . . . Special Weapon . | . . . . . . Impact Weapon 1 | . . . . . 1 Slashing Weapon 2 | . . . 1 1 . Piercing Weapon . | . . . . . . Special Melee Weapon . | . . . . . . Unidentified Prototypes 3 | . 1 . 1 1 . Parts Lost 21 | . 1 1 . 13 6 Power 3 | . . . . 3 . Propulsion 5 | . . 1 . 3 1 Utility 12 | . . . . 7 5 Weapon 1 | . 1 . . . . Highest Loss Streak 6 | . 1 1 . 6 6 To Critical Strikes 1 | . . . . 1 . Average Backups 7 | . 5 9 8 6 4 Power . | . . . . . . Propulsion 1 | . 1 2 1 1 2 Utility 2 | . . 1 2 2 1 Weapon 3 | . 3 5 3 2 1 Tool/Special . | . . . . . . Unused Backups 15 | . 3 . 4 7 1 Power 1 | . . . . 1 . Propulsion 2 | . . . 1 1 . Utility 5 | . . . . 4 1 Weapon 6 | . 3 . 2 1 . Tool/Special 1 | . . . 1 . . Average Slot Usage (%) 84 | . 97 95 91 64 80 Engine 10 | . 14 14 14 1 6 Treads 17 | . 28 24 24 2 . Leg 5 | . . . 1 14 19 Device 7 | . 4 14 10 2 9 Storage 11 | . 21 14 14 4 . Processor 4 | . . . . 13 12 Protection 4 | . . . 3 7 11 Energy Gun 2 | . 21 . . . . Energy Cannon 1 | . 3 9 . . . Ballistic Gun 10 | . 3 18 17 . . Slashing Weapon 6 | . . . 5 11 13 Peak Build Rating 62 | 6 11 13 16 59 62 Average Rating 22 | 4 7 11 12 40 55 On Entrance 15 | . 6 11 13 16 49 Avg Prop Armor Cover (%) 18 | . . . 16 20 . Naked Turns . | . . . . . . Heaviest Build 58 | 13 23 23 23 48 58 Greatest Support 56 | 40 40 40 40 56 56 Greatest Overweight (x) 1 | . . 1 1 1 1 Average Overweight (x) . | . . . . . . Largest Inventory Capacity 10 | 8 10 10 10 10 5 Average Capacity 9 | 6 8 10 10 9 5 Most Carried 10 | . 8 10 10 10 5 Average Carried 7 | . 5 9 8 7 5 Final Capacity 10 | 8 10 10 10 5 5 Final Carried 10 | . 8 10 10 5 5 Class Distribution -------------------- 73% | Mutant 25% | Scavenger-Gladiator Dominant Class ---------------- Mutant | -10/Materials Mutant | -10/Subcaves Mutant | -9/Scraptown Scavenger-Gladiator | -6/Factory Scavenger-Gladiator | -6/Extension Resources | -11 -10 -10 -9 -6 -6 ----------- Run | Yrd Mat Sub Scr Fac Ext Matter Collected 841 | 194 175 100 70 240 62 Remotely . | . . . . . . Salvage Created 3060 | . 349 320 . 1908 483 Parts 153 | . 19 16 . 96 22 Haulers Intercepted 2 | . 2 . . . . Recyclers Shooed 1 | . . . . 1 . Parts Field Recycled . | . . . . . . Retrieved Matter . | . . . . . . Parts Self-Destructed 9 | . . 9 . . . Prevented . | . . . . . . Parts Restored . | . . . . . . Kills | -11 -10 -10 -9 -6 -6 ------- Run | Yrd Mat Sub Scr Fac Ext Combat Hostiles Destroyed 38 | . 9 5 . 19 5 Melee 24 | . . . . 19 5 Guns 10 | . 6 4 . . . Cannons 3 | . 2 1 . . . Classes Destroyed 17 | . 3 2 . 10 2 Worker 1 | . . . . 1 . Builder 3 | . . . . 2 1 Tunneler 1 | . . . . . 1 Hauler 2 | . 2 . . . . Recycler 7 | . . . . 6 1 Operator 1 | . . . . 1 . Watcher 1 | . . . . 1 . Swarmer 11 | . 5 2 . 4 . Grunt 9 | . 4 1 . 4 . Duelist 1 | . . . . 1 . Sentry 8 | . . 1 . 3 4 Specialist 2 | . . . . 2 . Hunter 1 | . . . . 1 . Programmer 3 | . . . . 3 . Heavy 1 | . . . . 1 . Subdweller 1 | . . 1 . . . Savage 1 | . . . . . 1 Best Kill Streak 3 | . 3 2 . 3 2 Combat Bots Only 3 | . 3 2 . 3 2 Max Kills in Single Turn 1 | . 1 1 . 1 1 Gunslinging . | . . . . . . Exploded . | . . . . . . Melee 1 | . . . . 1 1 Uniques/NPCs Destroyed . | . . . . . . Combat | -11 -10 -10 -9 -6 -6 -------- Run | Yrd Mat Sub Scr Fac Ext Hostile Shots Fired 570 | . 45 22 . 259 244 Missed 170 | . 11 8 . 69 82 Hits 400 | . 34 14 . 190 162 Melee 5 | . . . . 5 . Projectile 395 | . 34 14 . 185 162 Critical Strikes 9 | . . 1 . 8 . Damage Taken 5066 | . 360 180 . 3095 1431 Core 930 | . 64 12 . 600 254 Absorbed by Shields 154 | . . . . . 154 Redirected to Shielding 102 | . . . . 102 . Core Remaining (%) 84 | 100 . . 69 . . Volleys Fired 52 | . 31 21 . . . Largest 2 | . 2 2 . . . Hottest 100 | . 100 91 . . . Shots Fired 104 | . 62 42 . . . Gun 83 | . 58 25 . . . Cannon 21 | . 4 17 . . . Launcher . | . . . . . . Special . | . . . . . . Kinetic 29 | . 4 25 . . . Thermal 75 | . 58 17 . . . Explosive . | . . . . . . Electromagnetic . | . . . . . . Robot Hit Streak 16 | . 6 16 . . . Robot Miss Streak 4 | . 4 1 . . . Penetration Max . | . . . . . . Secondary Targets . | . . . . . . Shots Hit Robots 207 | . 33 35 . 95 44 Core Hits 77 | . 16 13 . 36 12 Critical Kills 1 | . . 1 . . . Critical Parts Destroyed 1 | . . . . . 1 Critical Strikes 10 | . 3 1 . 4 2 Burn 3 | . 3 . . . . Destroy 1 | . . 1 . . . Smash 1 | . . . . . 1 Sever 3 | . . . . 2 1 Melee Attacks 171 | . . . . 122 49 Impact 6 | . . . . . 6 Slashing 165 | . . . . 122 43 Piercing . | . . . . . . Sneak Attacks 18 | . . . . 12 6 Combat Hostiles . | . . . . . . Follow-up Attacks 29 | . . . . 12 17 Damage Inflicted 6948 | 3 491 618 . 4003 1833 Guns 712 | . 409 303 . . . Cannons 375 | . 60 315 . . . Explosions . | . . . . . . Melee 5836 | . . . . 4003 1833 Ramming 25 | 3 22 . . . . Kinetic 303 | . . 303 . . . Thermal 784 | . 469 315 . . . Explosive . | . . . . . . Electromagnetic . | . . . . . . Impact 204 | . . . . . 204 Slashing 5632 | . . . . 4003 1629 Piercing . | . . . . . . Highest Corruption 9 | . . . . 3 9 Average Corruption 1 | . . . . 1 3 Corruption Purged . | . . . . . . Corruption Blocked . | . . . . . . Effects 17 | . . . . 9 8 Message Errors 9 | . . . . 6 3 Matter Fused 2 | . . . . . 2 Heat Flow Errors 2 | . . . . 1 1 Energy Discharges 1 | . . . . . 1 Data Loss (minor) 2 | . . . . 2 . Alerts 1 | . . . . . 1 Overload Shots . | . . . . . . Overflow Damage 598 | . . 10 . 396 192 Projectiles 10 | . . 10 . . . Explosions . | . . . . . . Melee 588 | . . . . 396 192 Knockbacks . | . . . . . . Impact . | . . . . . . Kinetic . | . . . . . . Secondary . | . . . . . . Self-Inflicted Damage . | . . . . . . Shots . | . . . . . . Rammed 6 | 1 5 . . . . Targets Rammed 6 | 1 5 . . . . Kicked . | . . . . . . Crushed . | . . . . . . Highest Temperature 312 | . 312 7 . 122 166 Average Temperature 112 | . 123 7 . 50 73 Received Heat Transfer 1048 | . 108 90 . 483 367 Effects 1 | . 1 . . . . Energy Bleed 1 | . 1 . . . . Siege Activations . | . . . . . . Martial Activations . | . . . . . . Shielding Activations . | . . . . . . Robots Disrupted 1 | . . . . 1 . Combat Hostiles 1 | . . . . 1 . Robots Corrupted . | . . . . . . Combat Hostiles . | . . . . . . Parts Fried 1 | . . . . . 1 Impact Corruptions 1 | . . . . . 1 Robots Melted 1 | . 1 . . . . Combat Hostiles 1 | . 1 . . . . Parts Melted 5 | . 4 . . . 1 Heat Transferred 2072 | . 1517 555 . . . Parts Sabotaged . | . . . . . . Parts Stolen . | . . . . . . Parts Stripped . | . . . . . . Power Chain Reactions . | . . . . . . Alert | -11 -10 -10 -9 -6 -6 ------- Run | Yrd Mat Sub Scr Fac Ext Maximum Alert Level . | . . . . . . Low Security (%) 100 | 100 100 . . 100 100 Level 1 . | . . . . . . Level 2 . | . . . . . . Level 3 . | . . . . . . Level 4 . | . . . . . . Level 5 . | . . . . . . High Security . | . . . . . . Max Security . | . . . . . . Peak Influence 145 | . 97 . . 145 83 Initial 63 | . . . . . 63 Average 51 | . 31 . . 66 37 Influence Increases 1217 | . 259 90 . 635 233 Destroy 0b10 Robot/C 800 | . 180 80 . 380 160 Destroy 0b10 Robot/NC 80 | . 10 . . 55 15 Destroy Leader 156 | . 24 10 . 112 10 Allied During Kill 34 | . . . . . 34 Successful Hack 27 | . . . . 13 14 Disable Machine 15 | . 15 . . . . Lose Combat Pursuer 105 | . 30 . . 75 . Influence Decreases 1217 | . 235 114 . 504 364 Entered New Map 80 | . . 12 . . 68 Time Decay 946 | . 225 92 . 394 235 Lost Part 149 | . 10 10 . 110 19 Lost Ally 42 | . . . . . 42 Squads Dispatched 8 | . . . . 6 2 Investigation 2 | . . . . . 2 Extermination 3 | . . . . 3 . Reinforcement 3 | . . . . 3 . Assault . | . . . . . . Garrison . | . . . . . . Intercept . | . . . . . . Searches Triggered . | . . . . . . Construction Impeded . | . . . . . . Haulers Reinforced . | . . . . . . Active Scanning Responses . | . . . . . . Cargo Convoy Interrupts . | . . . . . . Stealth | -11 -10 -10 -9 -6 -6 --------- Run | Yrd Mat Sub Scr Fac Ext Distress Signals 2 | . 1 . . . 1 Communications Jammed . | . . . . . . Distress Signals . | . . . . . . Times Spotted 67 | . 17 5 . 33 12 Peak Tracking Total 5 | . 4 2 . 4 5 Tactical Retreats 5 | . 1 . . 4 . Traps | -11 -10 -10 -9 -6 -6 ------- Run | Yrd Mat Sub Scr Fac Ext Traps Triggered 5 | . 1 . . 3 1 Indirectly . | . . . . . . Trap Hack Attempts . | . . . . . . Triggered . | . . . . . . Disarmed . | . . . . . . Reprogrammed . | . . . . . . Reused . | . . . . . . Traps Extracted . | . . . . . . Installed . | . . . . . . Triggered . | . . . . . . Most Traps Carried 1 | . . . 1 1 1 Machines | -11 -10 -10 -9 -6 -6 ---------- Run | Yrd Mat Sub Scr Fac Ext Machines Disabled 1 | . 1 . . . . Max in Single Turn 1 | . 1 . . . . Machines Repaired . | . . . . . . Machines Dismantled . | . . . . . . Machines Sabotaged . | . . . . . . Overloaded Fab Kills . | . . . . . . Hacking | -11 -10 -10 -9 -6 -6 --------- Run | Yrd Mat Sub Scr Fac Ext Machines Accessed 19 | . 3 . 2 6 8 Terminals 14 | . 3 . . 3 8 Fabricators 1 | . . . . 1 . Repair Stations . | . . . . . . Recycling Units 1 | . . . . 1 . Scanalyzers . | . . . . . . Garrison Access 1 | . . . . 1 . Total Hacks 41 | . 8 . 3 14 16 Successful 11 | . 1 . 3 3 4 Failed 29 | . 6 . . 11 12 Catastrophic 5 | . 1 . . . 4 Database Lockouts 1 | . 1 . . . . Manual 21 | . 8 . 1 9 3 Terminals 31 | . 8 . . 7 16 Fabricators 1 | . . . . 1 . Repair Stations . | . . . . . . Recycling Units 2 | . . . . 2 . Scanalyzers . | . . . . . . Garrison Access 4 | . . . . 4 . Terminal Hacks 10 | . 1 . 3 2 4 Record 1 | . . . 1 . . Robot Analysis 1 | . 1 . . . . Open Door 5 | . . . 1 . 4 Terminal Index 1 | . . . . 1 . Recycling Unit Index 1 | . . . . 1 . Proto ID Catalog 1 | . . . 1 . . Fabricator Hacks 1 | . . . . 1 . Network Status 1 | . . . . 1 . Repair Station Hacks . | . . . . . . Recycling Unit Hacks . | . . . . . . Scanalyzer . | . . . . . . Garrison Access Hacks . | . . . . . . Unauthorized Hacks . | . . . . . . Terminals . | . . . . . . Fabricators . | . . . . . . Repair Stations . | . . . . . . Recycling Units . | . . . . . . Scanalyzers . | . . . . . . Garrison Access . | . . . . . . Data Cores Recovered . | . . . . . . Used . | . . . . . . Hacking Detections 13 | . 3 . . 5 5 Full Trace Events 2 | . . . . . 2 Feedback Events 1 | . . . . . 1 Corruption 1 | . . . . . 1 Feedback Blocked . | . . . . . . Robot Schematics Acquired . | . . . . . . Robots Built . | . . . . . . Authchips . | . . . . . . Time . | . . . . . . Total Robot Build Rating . | . . . . . . Part Schematics Acquired . | . . . . . . Parts Built . | . . . . . . Authchips . | . . . . . . Time . | . . . . . . Total Part Build Rating . | . . . . . . Part Studies Acquired . | . . . . . . Parts Repaired . | . . . . . . Time . | . . . . . . Parts Recycled . | . . . . . . Recycled Matter . | . . . . . . Retrieved Matter . | . . . . . . Retrieved Components . | . . . . . . Parts Scanalyzed . | . . . . . . Part Schematics Acquired . | . . . . . . Parts Damaged . | . . . . . . Bothacking | -11 -10 -10 -9 -6 -6 ------------ Run | Yrd Mat Sub Scr Fac Ext Used RIF Installer . | . . . . . . Robots Hacked . | . . . . . . Non-combat . | . . . . . . Combat . | . . . . . . Robot Hacks Applied . | . . . . . . Relay Couplers Released . | . . . . . . Fabnet Peak Effective % . | . . . . . . Robots Rewired . | . . . . . . Allies Hacked . | . . . . . . Hacks Repelled . | . . . . . . Allies | -11 -10 -10 -9 -6 -6 -------- Run | Yrd Mat Sub Scr Fac Ext Total Allies 5 | . . . . . 5 Largest Group 4 | . . . . . 4 Highest-Rated Group 252 | . . . . . 252 Highest-Rated Ally 159 | . . . . . 159 Total Orders 1 | . . . . 1 . EXPLORE 1 | . . . . 1 . Ally Attacks 62 | . . . . . 62 Total Damage 1073 | . . . . . 1073 Kills 3 | . . . . . 3 Allies Corrupted . | . . . . . . Allies Melted . | . . . . . . Intel | -11 -10 -10 -9 -6 -6 ------- Run | Yrd Mat Sub Scr Fac Ext Active Infowar (turns) 2223 | . . . . 1701 522 Sensors 254 | . . . . . 254 Decoding 2223 | . . . . 1701 522 Robot Analysis Total 1 | . 1 . . . . Derelict Logs Recovered 1 | . . . 1 . . Drone Launches 1 | . . . . 1 . Drone Recoveries . | . . . . . . Decoded 0b10 Intel 111 | . . . . 83 28 Items 111 | . . . . 83 28 Exploration | -11 -10 -10 -9 -6 -6 ------------- Run | Yrd Mat Sub Scr Fac Ext Turns Passed 6937 | 55 807 468 3336 1749 522 Spaces Moved 3965 | 34 406 224 1980 994 327 Core 8 | 8 . . . . . Treads 2648 | 26 406 224 1826 166 . Legs 1309 | . . . 154 828 327 Wheels . | . . . . . . Hover . | . . . . . . Flight . | . . . . . . Fastest Speed 50 | 50 160 160 160 120 105 Average Speed 153 | 134 160 173 167 129 127 Slowest Speed 240 | 160 160 240 240 190 186 Overloaded Moves . | . . . . . . Propulsion Burnouts . | . . . . . . Robots Hopped . | . . . . . . Potential Cave-ins . | . . . . . . Cave-ins Triggered . | . . . . . . Exploration Rate (%) 35 | 3 56 14 86 17 35 Regions Visited 5 Branch Regions 3 Pre-discovered Areas 1 | . . . 1 . . Known Exits Taken . | . . . . . . Unknown Exits Taken 5 | 1 1 1 1 1 . Scrap Searched 5 | . . . 5 . . Spaces Dug . | . . . . . . Terrain Destroyed . | . . . . . . Melee . | . . . . . . Projectile . | . . . . . . AOE . | . . . . . . Terrain Rammed . | . . . . . . Walls Destroyed . | . . . . . . Machines Disabled . | . . . . . . Actions | -11 -10 -10 -9 -6 -6 --------- Run | Yrd Mat Sub Scr Fac Ext Total 4475 | 40 500 260 2011 1283 381 Wait 188 | . 26 12 1 136 13 Move 3961 | 34 405 223 1979 993 327 Hop . | . . . . . . Pick Up 27 | . 10 2 8 7 . Fast Attach 44 | 6 7 1 5 20 5 Attach 3 | . . . 1 2 . Detach 2 | . . . 1 1 . Swap 14 | . 5 1 2 5 1 Drop 39 | . 11 . 14 12 2 Fire 52 | . 31 21 . . . Melee 139 | . . . . 107 32 Ram . | . . . . . . Kick . | . . . . . . Crush 5 | . 5 . . . . Escape Stasis 1 | . . . . . 1 Rewire . | . . . . . . Trap . | . . . . . . Miscellaneous . | . . . . . . Route ------- -11/Scrapyard -10/Materials (discovered 2 exits: [*Mat] / [*Sub]) -10/Subcaves (discovered 2 exits: [*Mat] / *Scr) -9/Scraptown (discovered 2 exits: *Fac x2) -6/Factory -6/Extension History --------- Turn | Location | Event 8 | -11/Scrapyard | Discovered new exit (range 16) 56 | -11/Scrapyard | Entered Materials 309 | -10/Materials | Build established: Mutant 491 | -10/Materials | Discovered new exit (range 11) 514 | -10/Materials | Discovered new exit (range 15) 649 | -10/Materials | Central database locked down 863 | -10/Materials | Entered Subcaves 864 | -10/Subcaves | Approached by a straggling Scientist 1189 | -10/Subcaves | Discovered new exit (range 15) 1331 | -10/Subcaves | Entered Scraptown 1501 | -9/Scraptown | Heard Great Nut preacher, LISTEN AND RECITE! 1605 | -9/Scraptown | Visited TADAMA 1651 | -9/Scraptown | Visited Red Mages 1696 | -9/Scraptown | Visited CPS Storage 1724 | -9/Scraptown | Visited IN-MT5's Study 1779 | -9/Scraptown | Visited Fellowship of the Rings 1812 | -9/Scraptown | Visited Cave Peace 1912 | -9/Scraptown | Visited SPCMW 2001 | -9/Scraptown | Scanned Subdweller tech in exchange for log data 2006 | -9/Scraptown | Learned location of Zion (-6) 2038 | -9/Scraptown | Discovered new exit (range 13) 2489 | -9/Scraptown | Visited UFD Registry 2489 | -9/Scraptown | Registered with UFD as "Technochip" 2538 | -9/Scraptown | Visited Science Guys 2687 | -9/Scraptown | Visited Scrapoid Research Area 2753 | -9/Scraptown | Visited DA-N13 Charitable Foundation 2825 | -9/Scraptown | Visited Research Penetration Think Tank 2862 | -9/Scraptown | Visited Scrap Suit Storage 2895 | -9/Scraptown | Visited Curators Association 2943 | -9/Scraptown | Visited Infowarlord's Domain 3085 | -9/Scraptown | Visited Sword Containment 3103 | -9/Scraptown | Found Prototype Slashing Weapon 3103 | -9/Scraptown | Identified Companion Sword 3327 | -9/Scraptown | Discovered new exit (range 5) 3535 | -9/Scraptown | Found DCF Scrap (32 items) 4667 | -9/Scraptown | Entered Factory 4667 | -6/Factory | Evolved 8 slots: Propulsion x1, Utility x6, Weapon x1 5271 | -6/Factory | Lost 3 parts (1p2n) 5546 | -6/Factory | Build established: Scavenger-Gladiator 6000 | -6/Factory | Discovered new exit (range 16) 6065 | -6/Factory | Core integrity fell below 50% 6127 | -6/Factory | Lost 6 parts (1p5u) 6416 | -6/Factory | Entered Extension 6532 | -6/Extension | Rescued a captive Derelict 6535 | -6/Extension | Rescued a captive Derelict 6610 | -6/Extension | Rescued a captive Derelict 6647 | -6/Extension | Rescued a captive Derelict 6779 | -6/Extension | Rescued A7 6843 | -6/Extension | Spotted B-75 Beast 6855 | -6/Extension | Spotted B-75 Beast 6866 | -6/Extension | Core integrity fell below 20% 6896 | -6/Extension | Extracted ID and sensor layout for unrecognized location from A7's data core 6905 | -6/Extension | Allies destroyed B-75 Beast 6925 | -6/Extension | Lost 6 parts (1n5u) 6938 | -6/Extension | Destroyed by Y-54 Guardian with Gatling Laser Last Messages --------------- 06905_ B-75 Beast destroyed. 06908_ U-05 Engineer builds a Wall. 06910_ Connecting with Door Terminal... Feedback: System corruption (+1%). 06910_ ALERT: Suspicious activity at Terminal E001. Dispatching Investigation squad. 06917_ S9-A4G(g) destroyed. 06923_ U-05 Engineer builds a Wall. 06924_ >> DECODED: Neutrino Core location. 06924_ System corrupted: Matter fused (-6). 06927_ FS-ADK(g) destroyed. 06927_ U-05 Engineer destroyed. 06927_ Sneak attack on T-07 Excavator. 06927_ Destroyed Lgt. Ion Engine. 06927_ Destroyed Wheel. 06927_ Sneak attack on T-07 Excavator. 06927_ Axe follow-up attack on T-07 Excavator. 06927_ Destroyed Mining Laser. 06927_ Destroyed Seismic Detector. 06927_ T-07 Excavator destroyed. Map ----- +----------------------------------------------------+ | ?????????????????????????# #?????????????????????? | | ?????????????????????????# #?????????????????????? | | ?????????????????????????# #?????????????????????? | | ?????????????????????????# #???????????????*?????? | | ?????????????????????????# #???????????????????[?? | | ?????????????????????????# #?????????????????????? | | ?????????????????????????# #?????????????????????? | | ?????????????????????????# #?????????????????????? | | ?????????????????????????# #?????????????????????? | | ???????????????????????### #?????????????????????? | | ???????????????????????" #?????????????????????? | | ???????????????????????#T# #?????????????????????? | | ???????????????????????### #?????????????????????? | | ?????????????????????????# #?????????????????????? | | ?????????????????????????#=#?????????????????????? | | ?????????????????????????#%#####?##?? #??????????? | | ???????????????????????###!###=## ### ##?????????? | | ???????????????????????#""|%!%%[ "" ""#????????? | | ???????????????????????#%"%*=%! " " #????????? | | ???????????????????????#%%[!== #????????? | | ???????????????????????#%*%!% #????????? | | ???????????#############=!]!* ######???? | | ??????????? =!% u ??? | | ?????????? Y ??? | | ?????????? w ??? | | ?????????? @ ??? | | ?????????? R tt%!%R tA R uAu ???? | | ????????????############ = ! ####?????? | | ???????????????????????# #????????? | | ???????????????????????# u #????????? | | ???????????????????????# #????????? | | ???????????????????????# #????????? | | ???????????????????????######T#"""#######????????? | | ???????????????????????????####??????????????????? | | ?????????????????????????????????????????????????? | | | | | | | | | | | | | | | | | | | | | | | | | | | | | | | +----------------------------------------------------+ Best States ------------- Heat Dissipation 37 Energy Generation 18 Energy Capacity 400 Matter Stores 300 Matter Capacity 300 Sight Range 16 Robot Scan Range 15 Terrain Scan Density 10 Armor Coverage 900 Propulsion Shielding 66 Evasion (%) 55 Melee Accuracy 6 Core Analysis 6 Recoil Reduction 2 Defensive Hacking 10 Item Schematics ----------------- None Robot Schematics ------------------ None Fabricated ------------ Nothing Repaired ---------- Nothing Studied --------- None Alien Tech Used ----------------- None Achievements -------------- Decoder Ring Prison Break Challenges ------------ None Game ------ Seed EtherialBottomlessCannon Manual? 0 Play Time 00:41:48 Cumulative 35.9 hours Start 2025.12.01 @ 17:27:29 End 2025.12.01 @ 18:26:01 Sessions 1 Manual Loads 0 Difficulty Rogue Special Mode None Game No. 44 Rogue 44 Adventurer 0 Explorer 0 Win Type - Total 1 Types 1/0/0/0/0/0/0/0/0/0 Lore% 33 Gallery% 31 Achievement% 30 Wizard Run 0 Options --------- Layout 1 ASCII 0 Keyboard 0 Movement Numpad Keybinds 0 Fullscreen 1 Font 24/Smallcaps Map View 50x35 Zoom Use 0% Tactical HUD 1 Map Filters NONE Filters NONE Steam 0 RUN: 921981b3-3cc4-4a42-980e-a8fb89b8cbfe